AoeStats
← tavoo

Arabia

507926297Analyzed
1v1 RM · 13d ago on Sep 20, 2026· 27m 8s· 2 players
Game mode
Random Map
Map size
Tiny (2 player)
Population
200
Speed
Normal
Resources
Standard
Victory
Conquest
Starting age
Dark Age
Ending age
Imperial Age
RankedLock teamsTeams togetherTeam positionsShared explorationLock speedFull tech treeHidden civsTurbo modeCheats
Victory
Defeat
🇲🇽 Khmer · Mexico
1347
+15
🇪🇸 Chinese · Spain
1323
-15
Cueencaa
0:26 Loom
10:22 Feudal Age
11:03 Double-Bit Axe
11:19 Horse Collar
20:15 Castle Age
19:04 Gold Mining
19:34 Fletching
22:19 Padded Archer Armor
22:01 Crossbowman
23:02 Bow Saw
26:15 Light Cavalry
tavoo
7:18 Loom
9:40 Feudal Age
10:22 Double-Bit Axe
11:57 Town Watch
12:51 Forging
14:45 Scale Barding Armor
18:29 Wheelbarrow
22:29 Castle Age
22:19 Bloodlines
23:28 Husbandry
22:49 Light Cavalry
24:04 Bow Saw
23:50 Gold Mining
25:19 Iron Casting
25:26 Chain Barding Armor
Connection lost

Rejoining the realm…

Still unreachable

The connection could not be restored.

Session expired

The server has moved on; the page needs a fresh start.